 Dungeon Crawl Stone Soup version 0.31-a0-1529-g7bd419a0e5 (webtiles) character file.

Game seed: 7625757377003966836

842 Zonian the Summoner (level 7, -2/32 HPs)
             Began as a Felid Summoner on Dec 31, 2023.
             Slain by a water moccasin (4 damage)
             ... on level 5 of the Dungeon on Jan 1, 2024.
             The game lasted 00:28:46 (7692 turns).

Zonian the Summoner (Felid Summoner)                Turns: 7692, Time: 00:28:47

Health: -2/32      AC:  2    Str:  8    XL:     7   Next: 67%
Magic:  7/12       EV: 18    Int: 19    God:
Gold:   341        SH:  0    Dex: 16    Spells: 5/11 levels left
                                        Lives:  0   Deaths: 3

rFire   x . .        (weapon unavailable)
rCold   + . .        (shield unavailable)
rNeg    . . .        (body armour unavailable)
rPois   .            (helmet unavailable)
rElec   .            (cloak unavailable)
rCorr   .            (gloves unavailable)
SInv    +            (boots unavailable)
Will    +....        (no amulet)
Stlth   +++          e - ring of ice
HPRegen 0.25/turn    (no ring)
MPRegen 0.13/turn

%: no passive effects
@: lethally poisoned (-2 -> -13), inugami summoned
A: very small, claws 1, fangs 3, see invisible, shaggy fur 2, stealthy paws, no
weapons or thrown items, no armour, multi-lived, strong 1, MP-powered wands
a: no special abilities


You were on level 5 of the Dungeon.
You visited 2 branches of the dungeon, and saw 6 of its levels.

You collected 341 gold pieces.


Innate Abilities, Weirdness & Mutations

You have sharp claws.
You have razor-sharp teeth.
You have supernaturally acute eyesight. (SInv)
You are covered in thick fur. (AC +2)
Your paws help you pounce on unaware monsters.
You are incapable of wielding weapons or throwing items.
You cannot wear armour.
You gain extra lives every three experience levels.
Your muscles are strong. (Str +4, Int/Dex -1)
You expend magic power (3 MP) to strengthen your wands.


   Skills:
 - Level 4.1 Dodging
 - Level 4.2 Stealth
 - Level 2.9 Spellcasting
 + Level 8.7 Summonings


You had 5 spell levels left.
You knew the following spells:

 Your Spells              Type           Power      Damage    Failure   Level
a - Summon Small Mammal   Summ           100%       N/A       1%          1
b - Call Imp              Summ           70%        N/A       1%          2
c - Call Canine Familiar  Summ           35%        N/A       1%          3

Your spell library contained the following spells:

 Spells                   Type           Power      Damage    Failure   Level
 Summon Blazeheart Golem  Fire/Summ      19%        N/A       26%         4
 Summon Lightning Spire   Summ/Air       19%        N/A       26%         4
 Dazzling Flash           Conj/Hex       4%         N/A       43%         3
 Volatile Blastmotes      Fire/Tloc      4%         2d10      43%         3
 Starburst                Conj/Fire      1%         6d3       100%        6
 Maxwell's Capacitive Co  Air            1%         ∞         100%        8

Inventory:

Jewellery
 e - a ring of ice (left paw)
   (You found it on level 1 of the Dungeon)
Scrolls
 l - 2 scrolls of amnesia
Potions
 c - a potion of degeneration {!q@e2}

Dungeon Overview and Level Annotations

Branches:
Dungeon (5/15) Zot: 26729  Temple (1/1) D:4 Zot: 5508

Altars:
Ashenzari
Dithmenos
Fedhas
Makhleb
Nemelex Xobeh
Okawaru
Qazlal
Sif Muna
Trog
Xom
Yredelemnul
Zin
The Shining One

Shops:
D:3 [

Annotations:
D:4 Dowan, Duvessa, Ijyb

#.......#......#..
#.......'......#...
#.......#......#....
#...##..####..######## ###
#+##########..####....##<.
.................#........
.................#........
.>......h........#........
........o@.(.....#........
........S........#........
........r..#########+..###
...#...#5......###....##.#
#?#...#.#......#......#._.
.#...#...#...).#....####.#
...............#...##..#'#
...#...#.....####..#...'.)
#.#...#$#..#.####..##.##.#


You could see a water moccasin (ally target), an orc (ally target), a friendly
cerulean imp (summoned), a friendly quokka (summoned) and a friendly inugami
(summoned).


Message History

You barely miss the water moccasin. The adder barely misses you.
The water moccasin misses you.
Your cerulean imp closely misses the water moccasin.
Your quokka closely misses the water moccasin.
The shadow imp barely misses your inugami.
Your inugami hits the adder.
Your rat barely misses the water moccasin. 😨 MP[+1] Unknown command.
You barely miss the adder. The adder barely misses you.
The water moccasin barely misses you.
Your quokka barely misses the water moccasin.
Your cerulean imp misses the water moccasin.
The adder misses you.
Your inugami hits the adder.
The shadow imp hits your inugami but does no damage.
Your rat barely misses the water moccasin.
Unknown command.
You miss the adder. The water moccasin closely misses you.
Your quokka bites the water moccasin.
The adder bites you.
* * * LOW HITPOINT WARNING * * *
Your cerulean imp misses the water moccasin.
The water moccasin barely misses your quokka.
The shadow imp hits your inugami but does no damage.
Your inugami hits the shadow imp.
Your rat barely misses the water moccasin. 😨 HP[-1]
You take 1 damage, and now have 15/32 hp.
Unknown command.
You barely miss the adder.
Your quokka bites the water moccasin but does no damage.
The adder completely misses you.
The water moccasin barely misses your quokka.
Your cerulean imp misses the water moccasin.
The orc hits your quokka with a +0 falchion.
Your rat barely misses the water moccasin.
Your inugami misses the shadow imp. The shadow imp hits your inugami.
Unknown command.
You barely miss the adder. Your bite misses the adder.
The adder closely misses you.
Your quokka bites the water moccasin.
The water moccasin completely misses your quokka.
Your cerulean imp misses the water moccasin.
Your quokka misses the water moccasin.
The shadow imp closely misses your inugami.
The water moccasin completely misses your quokka.
The adder misses you.
Your inugami closely misses the shadow imp.
Your rat bites the water moccasin but does no damage.
Unknown command.
You barely miss the adder. Your bite misses the adder.
The water moccasin bites your rat!
Your rat dies!
Your rat's corpse disappears in a puff of smoke!
The adder barely misses you.
Your cerulean imp misses the water moccasin.
Your quokka barely misses the water moccasin.
The orc closely misses your quokka. The shadow imp misses your inugami.
Your inugami hits the shadow imp but does no damage.
The water moccasin hisses angrily.
Unknown command.
Unknown command.
You closely miss the adder. The water moccasin bites you.
* * * LOW HITPOINT WARNING * * *
The adder misses you.
Your quokka bites the water moccasin.
Your cerulean imp barely misses the water moccasin.
The orc hits your quokka with a +0 falchion.
The shadow imp barely misses your inugami.
Your inugami hits the shadow imp!
The shadow imp dies! 😨 HP[-2]
You take 2 damage, and now have 13/32 hp.
Unknown command.
You closely miss the adder. You bite the adder.
You kill the adder!
The water moccasin closely misses you.
Your quokka misses the orc.
Your cerulean imp hits the water moccasin but does no damage.
The water moccasin completely misses you.
Your inugami barely misses the orc. 😨 MP[+1] Unknown command.
You miss the water moccasin.
Your quokka completely misses the water moccasin.
The water moccasin bites you!
* * * LOW HITPOINT WARNING * * *
You are lethally poisoned!
The water moccasin poisons you!
Your cerulean imp barely misses the water moccasin.
The orc misses you.
Your inugami barely misses the orc. 😱 HP[-7]
You take 7 damage, and now have 6/32 hp.
MASSIVE DAMAGE!! (PAUSE)
Okay, then.
Okay, then.
You barely miss the water moccasin.
* * * LOW HITPOINT WARNING * * *
You feel very sick.
Your quokka closely misses the water moccasin.
The water moccasin barely misses you.
Your cerulean imp barely misses the water moccasin.
The orc misses you. The water moccasin bites you.
You die...

Skill      XL: |  1  2  3  4  5  6  7 |
---------------+----------------------+-----
Stealth        | 3 4 |  4.2
Dodging        | 3 4 |  4.1
Summonings     | 6 7 8 |  8.7
Spellcasting   | |  2.9

Action                     |  1- 3 |  4- 6 |  7- 9 || total
---------------------------+-------+-------+-------++-------
  Melee: Unarmed           |    28 |    56 |    22 ||   106
         Bite              |     2 |     6 |     1 ||     9
         Punch             |     1 |     1 |       ||     2
   Cast: Summon Small Mamm |    65 |    68 |     9 ||   142
         Call Imp          |     8 |    26 |     4 ||    38
         Call Canine Famil |       |     4 |     4 ||     8
    Use: Scroll            |     3 |    12 |       ||    15
         Potion            |       |    10 |     2 ||    12
   Stab: Sleeping          |     1 |     3 |       ||     4
         Distracted        |       |     3 |       ||     3
 Armour: Skin              |    14 |    43 |    15 ||    72
  Dodge: Dodged            |    53 |    70 |    29 ||   152

Levels and vault maps discovered:
D:1:      arrival_zaba_pyramid, layout_basic, nicolae_ecumenical_snake_handling
D:2:      layout_basic
D:3:      minmay_diamond_boxcup, layout_basic, serial_shops, shop
D:4:      layout_cave_pods, minmay_temple_entry_statues_fountains, uniq_ijyb,
          uniq_duvessa, uniq_blork_the_orc
D:5:      cheibrodos_fzero, layout_gridville, slow_altar_2,
          jmf_multi_god_temple2, nemelex_dance_club_becter,
          gammafunk_ghost_grave
Temple:   hc_temple_tempest_star

Notes
Turn   | Place    | Note
-------+----------+-------------------------------------------
     0 | D:1      | Zonian the Felid Summoner began the quest for the Orb.
     0 | D:1      | Reached XP level 1. HP: 9/9 MP: 4/4
     0 | D:1      | magus.rc [v1.9.6]
    93 | D:1      | Reached skill level 3 in Stealth
   105 | D:1      | Reached skill level 3 in Dodging
   105 | D:1      | Reached XP level 2. HP: 13/13 MP: 6/6
   727 | D:1      | Found a faded altar of an unknown god.
  1009 | D:1      | Reached XP level 3. HP: 16/16 MP: 7/7
  1320 | D:1      | Learned a level 2 spell: Call Imp
  2527 | D:2      | Reached XP level 4. HP: 18/21 MP: 1/8
  2527 | D:2      | Gained a life (2 lives remaining)
  2965 | D:2      | Reached skill level 4 in Stealth
  2978 | D:2      | Reached skill level 4 in Dodging
  4015 | D:3      | Learned a level 3 spell: Call Canine Familiar
  4163 | D:3      | Reached XP level 5. HP: 24/24 MP: 10/10
  4220 | D:3      | You pick up a book of Spectacle and begin reading...
  4220 | D:3      | You add the spells Volatile Blastmotes, Dazzling Flash,
                  | Starburst and Maxwell's Capacitive Coupling to your
                  | library.
  4235 | D:3      | Found Lomm's Antique Armour Shop.
  4425 | D:4      | You pick up a book of Callings and begin reading...
  4637 | D:3      | Reached skill level 5 in Summonings
  4922 | D:4      | Noticed Duvessa
  4922 | D:4      | Noticed Blork the orc
  4932 | D:4      | Noticed Dowan
  5300 | D:4      | Noticed a phantom
  5344 | D:4      | HP: 1/24 [phantom (6)]
  5344 | D:4      | Found a staircase to the Ecumenical Temple.
  5353 | D:4      | Killed a phantom
  5356 | D:4      | HP: 2/24 [Blork the orc/magic dart (6)]
  5359 | Temple   | Entered the Ecumenical Temple
  6328 | D:4      | Noticed Ijyb
  6511 | D:4      | Killed Blork the orc
  6512 | D:4      | Reached skill level 6 in Summonings
  6512 | D:4      | Gained mutation: You are covered in thick fur. (AC +2)
                  | [Felid growth]
  6512 | D:4      | Reached XP level 6. HP: 20/28 MP: 4/11
  6752 | D:5      | Entered Level 5 of the Dungeon
  6795 | D:5      | Found a sparkling altar of Nemelex Xobeh.
  6844 | D:5      | magus.rc [v1.9.6]
  6868 | D:5      | HP: 5/28 [burnt (4)]
  6868 | D:5      | Shot with an arrow by a centaur
  6868 | D:5      | Lost a life (1 life remaining)
  6874 | D:5      | Noticed an ice beast
  6893 | D:5      | Killed an ice beast
  6894 | D:5      | Reached skill level 7 in Summonings
  6951 | D:4      | Gained mutation: You are dopey. (Int -2) [potion of
                  | mutation]
  6951 | D:4      | Gained mutation: You are robust. (+10% HP) [potion of
                  | mutation]
  6952 | D:4      | Lost mutation: You are robust. (+10% HP) [potion of
                  | mutation]
  6952 | D:4      | Lost mutation: You are dopey. (Int -2) [potion of mutation]
  6952 | D:4      | Gained mutation: You expend magic power (3 MP) to
                  | strengthen your wands. [potion of mutation]
  6952 | D:4      | Gained mutation: Your muscles are strong. (Str +4, Int/Dex
                  | -1) [potion of mutation]
  6955 | D:4      | Slain by Duvessa
  6955 | D:4      | Lost a life (0 lives remaining)
  7068 | D:5      | Reached XP level 7. HP: 14/32 MP: 2/12
  7068 | D:5      | Gained a life (1 life remaining)
  7073 | D:5      | HP: 8/32 [phantom (4)]
  7081 | D:5      | HP: 8/32 [phantom (1)]
  7100 | D:5      | Reached skill level 8 in Summonings
  7421 | D:5      | HP: 7/32 [wight/+1 heavy halberd (24)]
  7421 | D:5      | Slain by a wight
  7421 | D:5      | Lost a life (0 lives remaining)
  7691 | D:5      | HP: 6/32 [water moccasin (7)]
  7692 | D:5      | HP: 2/32 [poisoned by a water moccasin]
  7692 | D:5      | Slain by a water moccasin

Vanquished Creatures
  An ogre (D:5)
  A phantom (D:4)
  A hound (D:5)
  3 adders
  A gnoll (D:2)
  A ribbon worm (D:3)
  2 ball pythons (D:2)
  3 endoplasms
  2 hobgoblins (D:1)
  2 kobolds
  A quokka (D:1)
  A bat (D:1)
  A rat (D:3)
20 creatures vanquished.

Vanquished Creatures (collateral kills)
  An ice beast (D:5)
  A centaur (D:5)
  A phantom (D:5)
  Blork the orc (D:4)
  A scorpion (D:5)
  A wight (D:5)
  A bombardier beetle (D:5)
  3 gnolls (D:2)
  3 adders
  A shadow imp (D:5)
  A white imp (D:3)
  A dart slug (D:1)
  3 ribbon worms
  3 orcs
  12 ball pythons
  3 bats (D:1)
  3 endoplasms
  5 giant cockroaches
  8 goblins
  6 hobgoblins
  7 kobolds
  3 quokkas
  4 frilled lizards
  4 rats
77 creatures vanquished.

Grand Total: 97 creatures vanquished

Table legend:
 A = Non-vault XP
 B = Vault XP
 C = Vault XP percentage of total XP
 D = Non-vault monster count
 E = Vault monster count
 F = Vault count percentage of total count
                 A         B        C        D         E       F
            +---------+---------+-------+---------+---------+-------
      Total |     724 |     479 |  39.8 |      78 |      19 |  19.6
            +---------+---------+-------+---------+---------+-------
        D:1 |      51 |       6 |  10.5 |      27 |       4 |  12.9
        D:2 |      97 |       0 |   0.0 |      22 |       0 |   0.0
        D:3 |      75 |      13 |  14.8 |      15 |       7 |  31.8
        D:4 |     136 |     100 |  42.4 |       9 |       1 |  10.0
        D:5 |     362 |     360 |  49.9 |       4 |       7 |  63.6
     Temple |       3 |       0 |   0.0 |       1 |       0 |   0.0
            +---------+---------+-------+---------+---------+-------

Skill      XL: |  1  2  3  4  5  6  7 |
---------------+----------------------+-----
Stealth        | 3 4 |  4.2
Dodging        | 3 4 |  4.1
Summonings     | 6 7 8 |  8.7
Spellcasting   | |  2.9

Action                     |  1- 3 |  4- 6 |  7- 9 || total
---------------------------+-------+-------+-------++-------
  Melee: Unarmed           |    28 |    56 |    22 ||   106
         Bite              |     2 |     6 |     1 ||     9
         Punch             |     1 |     1 |       ||     2
   Cast: Summon Small Mamm |    65 |    68 |     9 ||   142
         Call Imp          |     8 |    26 |     4 ||    38
         Call Canine Famil |       |     4 |     4 ||     8
    Use: Scroll            |     3 |    12 |       ||    15
         Potion            |       |    10 |     2 ||    12
   Stab: Sleeping          |     1 |     3 |       ||     4
         Distracted        |       |     3 |       ||     3
 Armour: Skin              |    14 |    43 |    15 ||    72
  Dodge: Dodged            |    53 |    70 |    29 ||   152

Illustrated notes

Table legend:
 A = Kills in this place as a percentage of kills in the entire game.
 B = Kills by you in this place as a percentage of kills by you in the entire game.
 C = Kills by friends in this place as a percentage of kills by friends in the entire game.
 D = Other kills in this place as a percentage of other kills in the entire game.
 E = Experience gained in this place as a percentage of experience gained in the entire game.
 F = Experience gained in this place divided by the number of levels of this place that you have seen.
                   A       B       C       D       E      F
               +-------+-------+-------+-------+-------+----------------------
         Total | 100.0 | 100.0 | 100.0 |   N/A | 100.0 | 200.5
       Dungeon |  99.0 | 100.0 |  98.7 |   N/A |  99.8 | 240.0
        Temple |   1.0 |   0.0 |   1.3 |   N/A |   0.2 |   3.0
               +-------+-------+-------+-------+-------+----------------------

Table legend: (Time is in decaauts)
 A = Elapsed time spent in this place.
 B = Non-inter-level travel time spent in this place.
 C = Inter-level travel time spent in this place.
 D = Time resting spent in this place.
 E = Time spent auto-exploring this place.
 F = Levels seen in this place.
 G = Mean time per level.
                   A        B        C        D        E       F      G
               +--------+--------+--------+--------+--------+-----+--------+
         Total |   7683 |   7484 |    199 |   2969 |   2881 |   6 | 1280.5 |
       Dungeon |   7191 |   6992 |    199 |   2542 |   2881 |   5 | 1438.2 |
        Temple |    491 |    491 |      0 |    427 |      0 |   1 |  491.0 |
               +--------+--------+--------+--------+--------+-----+--------+

Top non-repeatable levels by time:
     D:1: 2106 daAuts
     D:3: 1632 daAuts
     D:4: 1413 daAuts
     D:2: 1229 daAuts
     D:5: 809 daAuts
  Temple: 491 daAuts
